 Dungeon Crawl Stone Soup version 0.30.1 (webtiles) character file.

Game seed: 3187129687958615867

15918 Peloso the Carver (level 12, -16/113 HPs)
             Began as a Minotaur Fighter on July 6, 2023.
             Was a High Priest of Okawaru.
             Killed from afar by a bog body (22 damage)
             ... with a bolt of cold
             ... on level 2 of the Lair of Beasts.
             The game lasted 00:22:14 (14920 turns).

Peloso the Carver (Minotaur Fighter)               Turns: 14920, Time: 00:22:14

Health: -16/113    AC: 17    Str: 22    XL:     12   Next: 5%
Magic:  11/11      EV:  7    Int:  8    God:    Okawaru [*****.]
Gold:   826        SH:  5    Dex: 11    Spells: 11/11 levels left

rFire   + . .        a - +1 scimitar of the Desolation of Salt {speed, rF+}
rCold   . . .        d - +0 buckler
rNeg    + + .        E - +2 plate armour "Hunyat" {rPois rN++ Str-3 Int+3}
rPois   +            (helmet restricted)
rElec   .            (no cloak)
rCorr   .            (no gloves)
SInv    .            (no boots)
Will    .....        (no amulet) Stlth
                     (no ring)
HPRegen 0.38/turn    (no ring)
MPRegen 0.12/turn

%: no passive effects
@: no status effects
A: horns 2, retaliatory headbutt
a: Renounce Religion, Heroism, Finesse, Duel


You were on level 2 of the Lair of Beasts.
You worshipped Okawaru.
Okawaru was extremely pleased with you.
You visited 3 branches of the dungeon, and saw 14 of its levels.

You collected 826 gold pieces.

Inventory:

Hand Weapons
 a - the +1 scimitar of the Desolation of Salt (weapon) {speed, rF+}
   (You found it on level 2 of the Dungeon)

   rF:        It protects you from fire.
 b - a +2 falchion of freezing
 c - a +0 short sword of flaming
Armour
 d - a +0 buckler (worn)
 h - a +0 scale mail
 m - a +0 plate armour
 E - the +2 plate armour "Hunyat" (worn) {rPois rN++ Str-3 Int+3}
   (You found it on level 9 of the Dungeon)

   Str:       It affects your strength (-3).
   Int:       It affects your intelligence (+3).
   rPois:     It protects you from poison.
   rN:        It greatly protects you from negative energy.
Jewellery
 q - an amulet of guardian spirit
 D - an amulet of magic regeneration
 I - a ring of willpower
Wands
 o - a wand of mindburst (15)
 u - a wand of iceblast (29)
 y - a wand of light (11)
 C - a wand of digging (5)
Scrolls
 g - 2 scrolls of blinking {unknown}
 k - 3 scrolls of magic mapping {unknown}
 p - 3 scrolls of poison {unknown}
 s - 5 scrolls of amnesia {unknown}
 t - 2 scrolls of fear {unknown}
 v - 4 scrolls of immolation {unknown}
 w - a scroll of enchant armour {unknown}
 x - 2 scrolls of fog {unknown}
 A - a scroll of enchant weapon {unknown}
 B - a scroll of summoning
 F - 6 scrolls of identify
 H - a scroll of teleportation
Potions
 e - 4 potions of curing
 f - a potion of invisibility {unknown}
 i - a potion of cancellation
 j - 2 potions of magic
 l - a potion of haste
 n - 2 potions of resistance
 r - 2 potions of mutation
 z - 2 potions of might
 G - a potion of flight {unknown}


   Skills:
 + Level 12.4 Fighting
 + Level 14.8 Long Blades
 + Level 12.4 Armour
 + Level 1.3 Dodging
 + Level 0.6 Stealth
 + Level 8.0 Shields
 + Level 1.1 Invocations
 + Level 0.1 Evocations


You had 11 spell levels left.
You didn't know any spells.
Your spell library contained the following spells:

 Spells                   Type           Power      Damage    Failure   Level
 Scorch                   Fire           0%         2d5       100%        2
 Vhi's Electric Charge    Tloc/Air       0%         N/A       100%        3
 Flame Wave               Conj/Fire      0%         2d4       100%        4
 Olgreb's Toxic Radiance  Pois           0%         N/A       100%        4
 Arcjolt                  Conj/Air       0%         1d10      100%        5
 Blade Hands              Tmut           0%         N/A       100%        5
 Irradiate                Conj/Tmut      0%         3d11      100%        5
 Plasma Beam              Fire/Air       0%         2x1d11    100%        6
 Dragon Form              Tmut           0%         N/A       100%        7
 Discord                  Hex            0%         N/A       100%        8
 Ignition                 Fire           0%         3d3       100%        8
 Summon Cactus Giant      Summ           Unusable   N/A       N/A         6

Dungeon Overview and Level Annotations

Branches:
Dungeon (11/15)            Temple (1/1) D:7            Lair (2/5) D:10
  Swamp (0/4) Lair:2          Orc (0/2) D:11
  Snake: Lair:2-3    Spider: Lair:2-3

Altars:
Ashenzari
Cheibriados
Dithmenos
Elyvilon
Fedhas
Gozag
Kikubaaqudgha
Makhleb
Nemelex Xobeh
Okawaru
Qazlal
Trog
Uskayaw
Vehumet
Wu Jian
Xom
Yredelemnul
Zin
The Shining One

Shops:
D:6 [   D:8 (   D:9 (   D:11 *

Annotations:
D:7 2 transporters


Innate Abilities, Weirdness & Mutations

You have a pair of horns on your head.
You reflexively headbutt those who attack you in melee.


Message History

Where to? (Enter - Lair:1, ? - help)
What level of the Lair of Beasts? (default 1, ? - help)
There is a stone staircase leading down here.
You climb downwards.
Found a stone staircase leading up.
There is a stone staircase leading up here.
A bog body comes into view.
Found a staircase to the Swamp.
A bog body is nearby!
A bog body is nearby!
A bog body comes into view.
The bog body points at you and mumbles some strange words.
You resist with significant effort.
The bog body gestures at you while chanting.
You resist with significant effort.
You closely miss the bog body. You slash the bog body!
Your headbutt misses the bog body.
The bog body is moderately damaged.
The bog body casts a spell at you. The bolt of cold hits you!!
The bog body gestures at you while chanting.
You resist with significant effort.
You enter the shallow water.
Moving in this stuff is going to be slow.
The bog body gestures at you while chanting.
You resist with significant effort.
A black mamba comes into view.
The bog body attacks as you move away!
The bog body touches you but does no damage.
The black mamba hisses angrily.
The bog body casts a spell at you. The bolt of cold hits you!!
You block the bog body's attack.
Unknown command.
The bog body touches you. The bog body freezes you!
The bog body gestures at you while chanting.
The bolt of cold hits you!!
* * * LOW HITPOINT WARNING * * *
The bog body points at you and mumbles some strange words.
The bolt of cold hits you!!
You die...

## ###.### #.....###
#.§§§...#.# ###
#§§§§♣~§. #
#.#####§§♣§§♣§§..
##....@.§n~§§~§§.
#####.<...n.~~S§~.+.
#.P..........♣~~§.#
.....<.#............#..
..#.P###.......+...## .
## #.......#####
#P#.....# ####..###
...#


You could see 2 bog bodies and a black mamba.

Vanquished Creatures
  Erolcha (D:11)
  2 two-headed ogres
  3 skeletal warriors
  A cyclops (D:11)
  Joseph (D:7)
  2 unseen horrors
  A komodo dragon (Lair:1)
  2 kobold demonologists (D:11)
  2 trolls (D:11)
  A hornet (D:9)
  Grinder (D:3)
  Sigmund (D:3)
  A shadow (D:9)
  A wyvern (D:9)
  2 wraiths (D:11)
  6 basilisks
  22 yaks
  Edmund (D:5)
  A sky beast (Temple)
  An ice beast (D:5)
  4 ogres
  2 orc warriors
  A phantom (D:6)
  4 centaurs
  5 kobold brigands
  8 bullfrogs
  2 gnoll sergeants
  2 scorpions (D:5)
  16 wights
  21 killer bees
  6 howler monkeys
  5 orc priests
  A hound (D:6)
  A jelly (D:7)
  A gnoll bouda (D:3)
  3 iguanas
  3 orc wizards
  11 gnolls
  13 adders
  A white imp (D:5)
  6 worms
  4 dart slugs
  28 orcs
  10 ball pythons
  3 endoplasms
  5 giant cockroaches
  6 goblins
  A hobgoblin (D:2)
  10 jackals
  4 quokkas
  5 bats
  6 frilled lizards
  17 kobolds
  5 rats
273 creatures vanquished.

Notes
Turn   | Place    | Note
-------+----------+-------------------------------------------
     0 | D:1      | Peloso the Minotaur Fighter began the quest for the Orb.
     0 | D:1      | Reached XP level 1. HP: 19/19 MP: 0/0
    71 | D:1      | You fall into a shaft and drop 1 floor!
    98 | D:2      | Reached XP level 2. HP: 27/27 MP: 1/1
   468 | D:2      | Identified the +1 scimitar of the Desolation of Salt
                  | {speed, rF+}
   698 | D:2      | Reached XP level 3. HP: 33/33 MP: 2/2
   887 | D:1      | Reached skill level 3 in Long Blades
  1489 | D:3      | Identified the +5 trident of the Fifty Mice {venom, Str+2}
  1548 | D:3      | Reached XP level 4. HP: 40/40 MP: 3/3
  1563 | D:3      | Noticed Sigmund
  1587 | D:3      | Killed Sigmund
  1588 | D:3      | Reached skill level 5 in Long Blades
  1588 | D:3      | Reached XP level 5. HP: 43/47 MP: 4/4
  1780 | D:3      | Noticed Grinder
  1816 | D:3      | Paralysed by Grinder for 5 turns
  1823 | D:3      | Killed Grinder
  1824 | D:3      | Reached skill level 5 in Fighting
  1824 | D:3      | Reached skill level 6 in Long Blades
  1824 | D:3      | Reached skill level 5 in Armour
  1824 | D:3      | Reached XP level 6. HP: 35/56 MP: 5/5
  1915 | D:3      | Found a shimmering altar of Xom.
  2110 | D:3      | Found a broken altar of Ashenzari.
  2641 | D:4      | Found a white marble altar of Elyvilon.
  2906 | D:4      | Reached XP level 7. HP: 55/61 MP: 6/6
  3074 | D:4      | Reached skill level 7 in Long Blades
  3149 | D:4      | Found an ornate altar of the Wu Jian Council.
  3188 | D:5      | Entered Level 5 of the Dungeon
  3194 | D:5      | Found a stormy altar of Qazlal.
  3237 | D:5      | Found a hide-covered altar of Uskayaw.
  3237 | D:5      | Noticed a +0 hand axe
  3238 | D:5      | Noticed a +0 hand axe
  3240 | D:5      | Noticed Edmund
  3268 | D:5      | Killed Edmund
  3546 | D:5      | Reached skill level 8 in Long Blades
  3564 | D:5      | Reached XP level 8. HP: 70/70 MP: 7/7
  3587 | D:5      | Found a burning altar of Makhleb.
  3854 | D:5      | Identified the +5 dagger of True Grit {speed, Int+3}
  4196 | D:5      | Noticed an angel
  4197 | D:5      | Found a glowing silver altar of Zin.
  4223 | D:5      | Reached skill level 9 in Long Blades
  4555 | D:6      | Reached skill level 10 in Long Blades
  4651 | D:6      | Found an opulent altar of Gozag.
  4744 | D:6      | HP: 2/73 [gnoll/+0 whip[a gnoll sergeant] (6)]
  4775 | D:6      | Found Ilunt's Antique Armour Boutique.
  5275 | D:6      | Reached XP level 9. HP: 77/79 MP: 8/8
  5311 | D:6      | Found a shadowy altar of Dithmenos.
  5775 | D:6      | Found a blossoming altar of Fedhas.
  5960 | D:7      | Found a bloodstained altar of Trog.
  5996 | D:7      | Found a transporter.
  6129 | D:7      | Found a staircase to the Ecumenical Temple.
  6153 | Temple   | Entered the Ecumenical Temple
  6159 | Temple   | Reached skill level 5 in Shields
  6231 | Temple   | Became a worshipper of Warmaster Okawaru
  6270 | D:7      | Found a transporter.
  6294 | D:7      | Noticed Joseph
  6539 | D:7      | Killed Joseph
  7155 | D:8      | Reached * piety under Okawaru
  7158 | D:8      | Reached skill level 11 in Long Blades
  7561 | D:8      | Found a radiant altar of Vehumet.
  7568 | D:8      | Noticed a two-headed ogre
  7577 | D:8      | Killed a two-headed ogre
  7577 | D:8      | Reached ** piety under Okawaru
  7578 | D:8      | Reached skill level 1 in Dodging
  7578 | D:8      | Reached XP level 10. HP: 88/90 MP: 6/9
  8158 | D:8      | Found Ibueq's Antique Weapon Shop.
  8577 | D:8      | Reached skill level 12 in Long Blades
  8605 | D:8      | Reached *** piety under Okawaru
  9505 | D:9      | Reached skill level 13 in Long Blades
  9666 | D:9      | Reached skill level 10 in Fighting
  9947 | D:9      | Reached skill level 10 in Armour
  9951 | D:9      | Identified the +2 plate armour "Hunyat" {rPois rN++ Str-3
                  | Int+3}
  9965 | D:9      | Found Cyophuc's Antique Weapon Boutique.
 10239 | D:10     | Entered Level 10 of the Dungeon
 10365 | D:10     | Noticed a two-headed ogre
 10372 | D:10     | Killed a two-headed ogre
 10372 | D:10     | Reached **** piety under Okawaru
 10603 | D:10     | Reached XP level 11. HP: 73/101 MP: 10/10
 10841 | D:10     | Found a staircase to the Lair.
 10908 | D:10     | Reached skill level 14 in Long Blades
 11353 | D:10     | Found a glowing golden altar of the Shining One.
 11591 | D:11     | Noticed a skeletal warrior
 11592 | D:11     | Noticed a skeletal warrior
 11619 | D:10     | Killed a skeletal warrior
 11723 | D:11     | Killed a skeletal warrior
 11723 | D:11     | Received a gift from Okawaru
 11844 | D:11     | Noticed a skeletal warrior
 11869 | D:11     | Killed a skeletal warrior
 12011 | D:11     | Noticed Erolcha
 12326 | D:11     | Killed Erolcha
 12327 | D:11     | Reached skill level 1 in Invocations
 12473 | D:11     | Noticed a sixfirhy
 12499 | D:11     | Reached ***** piety under Okawaru
 12744 | D:11     | Found a staircase to the Orcish Mines.
 13160 | D:11     | Found Eroeg's Pet Rocks.
 13762 | Lair:1   | Entered Level 1 of the Lair of Beasts
 14039 | Lair:1   | Received a gift from Okawaru
 14059 | Lair:1   | Reached XP level 12. HP: 51/113 MP: 9/11
 14910 | Lair:2   | Found a staircase to the Swamp.
 14920 | Lair:2   | Killed from afar by a bog body

Illustrated notes

Levels and vault maps discovered:
D:1:      eino_arrival_cavern_a, layout_loops_ring, serial_park_tiny_1
D:2:      layout_rooms, chequers_serial_rivers_large_a, minmay_pentomino_x2
D:3:      layout_basic, mainiacjoe_overflow_six_doors_small,
          nicolae_ashenzari_panopticon, kennysheep_path_1,
          minmay_misc_feat_tiny, wad_floor_pattern_untrapped,
          chequers_serial_rivers_room_b, hangedman_decor_push, minmay_between,
          uniq_grinder, uniq_sigmund
D:4:      layout_cave_pools, elyvilon_altar_4, marbit_many_paths
D:5:      layout_loops_corners, zin_angel, dancing_weapons_uskayaw,
          lemuel_tele_altar, nicolae_overflow_crystal_walls,
          roderic_serpentine_path, uniq_edmund
D:6:      layout_basic, mainiacjoe_overflow_alcove_1, fedhas_altar_4,
          lemuel_doored_altar, serial_shops, nicolae_shop_window_shopping
D:7:      gammafunk_cloud_chamber, layout_basic, lemuel_round_altar,
          minmay_temple_entry_glassed_door, minmay_unpleasant_kobolds,
          uniq_joseph
D:8:      layout_layer_cave, vehumet_crystals, serial_shops,
          nicolae_take_the_stairs
D:9:      layout_irregular_city, serial_shops,
          nicolae_shop_pleasant_corner_grove
D:10:     layout_gridville, overflow_temple_1_default, lair_entry_dummy
D:11:     layout_layer_cave, orc_0_dummy, guppyfry_shop_earth, uniq_erolcha
Temple:   nicolae_temple_godpark
Lair:1:   layout_cave_pods
Lair:2:   layout_roguey, skrybe_swamp_entry_bodies, grunt_megastairs_4

Skill      XL: |  1  2  3  4  5  6  7  8  9 10 11 12 |
---------------+-------------------------------------+-----
Shields        | 4 6 7 8 |  8.0
Fighting       | 4 5 6 7 8 10 12 | 12.4
Armour         | 4 5 6 7 9 10 12 | 12.4
Long Blades    | 3 5 6 8 10 11 13 14 | 14.8
Dodging        | 1 |  1.3
Invocations    | 1 |  1.1
Stealth        | |  0.6
Evocations     | |  0.1

Action                     |  1- 3 |  4- 6 |  7- 9 | 10-12 || total
---------------------------+-------+-------+-------+-------++-------
  Melee: Long sword        |    43 |       |       |       ||    43
         Headbutt          |    19 |    11 |    79 |   127 ||   236
         Scimitar          |    59 |    86 |   339 |   551 ||  1035
 Invoke: Heroism           |       |       |     1 |    10 ||    11
  Evoke: Wand              |       |       |       |     2 ||     2
    Use: Potion            |     4 |       |     5 |     4 ||    13
         Scroll            |     2 |     3 |     3 |     2 ||    10
 Armour: Scale mail        |    40 |       |       |       ||    40
         Plate armour      |    16 |    51 |   133 |   273 ||   473
  Dodge: Dodged            |    36 |    33 |    71 |   119 ||   259
  Block: Buckler           |    17 |    21 |    64 |   123 ||   225
